 Dungeon Crawl Stone Soup version 0.27-a0-1065-ge809cff456 (webtiles) character file.

Game seed: 3889033693296857022

101 BritishOli the Skirmisher (level 4, -3/35 HPs)
             Began as a Demonspawn Fighter on Apr 22, 2021.
             Killed by nerve-wracking pain
             ... invoked by Grinder
              (7 damage)
             ... on level 3 of the Dungeon.
             The game lasted 00:03:02 (2959 turns).

BritishOli the Skirmisher (Demonspawn Fighter)      Turns: 2959, Time: 00:03:03

Health: -3/35      AC:  7    Str: 17    XL:     4   Next: 48%
Magic:  4/4        EV:  8    Int:  9    God:
Gold:   89         SH:  9    Dex: 13    Spells: 3/3 levels left

rFire    . . .     SeeInvis .   a - +0 long sword
rCold    . . .     Faith    .   c - +0 kite shield
rNeg     . . .     Spirit   .   b - +0 scale mail
rPois    .         Reflect  .   l - +0 helmet
rElec    .         Harm     .   (no cloak)
rCorr    .         Rampage  .   (no gloves)
Will     .....                  (no boots)
Stlth    ..........             (no amulet)
HPRegen  0.11/turn              (no ring)
MPRegen  0.09/turn              (no ring)

@: attractive
A: powered by death 1, sturdy frame 1
a: no special abilities


You were on level 3 of the Dungeon.
You visited 1 branch of the dungeon, and saw 3 of its levels.

You collected 89 gold pieces.

Inventory:

Hand Weapons
 a - a +0 long sword (weapon)
Armour
 b - a +0 scale mail (worn)
 c - a +0 kite shield (worn)
 l - a +0 helmet (worn)
Jewellery
 j - a ring of poison resistance
 p - a ring of see invisible
Scrolls
 e - 3 scrolls of identify {unknown}
 f - a scroll of teleportation {unknown}
 g - 2 scrolls of enchant armour {unknown}
 i - a scroll of immolation {unknown}
 m - 2 scrolls of silence {unknown}
Potions
 d - 3 potions of might
 h - a potion of attraction
 k - a potion of mutation {unknown}
 n - a potion of heal wounds {unknown}
 o - a potion of flight {unknown}


   Skills:
 + Level 3.4 Fighting
 * Level 2.9 Long Blades
 + Level 3.1 Armour
 + Level 1.2 Dodging
 + Level 3.1 Shields


You had 3 spell levels left.
You didn't know any spells.
Your spell library was empty.

Dungeon Overview and Level Annotations

Branches:
Dungeon (3/15)

Altars:
The Shining One

Annotations:
D:3 1 runed translucent door, Grinder; Morbidden's ghost, amateur DgAE


Innate Abilities, Weirdness & Mutations

You regenerate a little health from kills.
Your movements are slightly less encumbered by armour. (ER -2)


Message History

Grinder hits you but does no damage. Grinder hits you!
You writhe in agony.
Unknown command.
You barely miss Grinder.
Grinder is lightly wounded.
Grinder gestures at you.
You suddenly lose the ability to move!
Grinder blinks!
Grinder gestures at you. Pain shoots through your body!
You can move again.
Unknown command.
You hit Grinder.
Grinder is moderately wounded.
Grinder hits you. Grinder hits you but does no damage.
Unknown command.
You are too injured to fight recklessly!
You are too injured to fight recklessly!
You are too injured to fight recklessly!
You are too injured to fight recklessly!
You hit Grinder but do no damage.
Grinder is moderately wounded.
Grinder blinks!
You closely miss Grinder.
Grinder is moderately wounded.
Grinder hits you but does no damage.
You barely miss Grinder.
Grinder is moderately wounded.
Grinder gestures at you. You resist with significant effort. Grinder hits you.
You are too injured to fight recklessly!
Grinder gestures at you. Pain shoots through your body!
* * * LOW HITPOINT WARNING * * *
Grinder says, "You look like you could use a good racking."
It was a potion of attraction.
You feel attractive to monsters. You block Grinder's attack.
Grinder gestures at you. Pain shoots through your body!
You die...

#...##.....#.....#
#§.§###+##+#.##..#.#
#...##.............#
###'###............#..#
#.....#.......####.#..#
............#.#.......#
#.....##....#.5.......#
###+####....###.##....####
#....+...@........#
#....#..).........# #
##....#............# #
#.....#............# #
#.....#............# #
#.....#............# #
#.....#........>...# #
#.....#............# ## #
#.....###+###.....### ##.


You could see Grinder.

Vanquished Creatures
  Robin (D:2)
  2 adders
  A worm (D:2)
  4 orcs (D:3)
  4 ball pythons
  10 endoplasms
  4 giant cockroaches
  13 goblins
  6 hobgoblins
  3 quokkas (D:1)
  3 frilled lizards
  4 kobolds
  A rat (D:1)
56 creatures vanquished.

Vanquished Creatures (others)
  A rat (D:3)
1 creature vanquished.

Grand Total: 57 creatures vanquished

Notes
Turn   | Place    | Note
-------+----------+-------------------------------------------
     0 | D:1      | BritishOli the Demonspawn Fighter began the quest for the
                  | Orb.
     0 | D:1      | Reached XP level 1. HP: 18/18 MP: 1/1
   191 | D:1      | Gained mutation: Your movements are slightly less
                  | encumbered by armour. (ER -2) [demonic ancestry]
   191 | D:1      | Reached XP level 2. HP: 24/24 MP: 2/2
   747 | D:1      | Gained mutation: You regenerate a little health from kills.
                  | [demonic ancestry]
   747 | D:1      | Reached XP level 3. HP: 21/29 MP: 3/3
  1448 | D:2      | Noticed Robin
  1461 | D:2      | Reached skill level 1 in Dodging
  1474 | D:2      | Killed Robin
  1597 | D:2      | Reached XP level 4. HP: 14/35 MP: 4/4
  2462 | D:3      | Found a runed translucent door.
  2465 | D:3      | Noticed Morbidden's ghost (amateur DgAE)
  2902 | D:3      | Noticed an angel
  2926 | D:3      | Noticed Grinder
  2932 | D:3      | Paralysed by Grinder for 5 turns
  2939 | D:3      | Paralysed by Grinder for 3 turns
  2959 | D:3      | Killed from afar by Grinder

Illustrated notes

Levels and vault maps discovered:
D:1:      dpeg_arrival_pits, layout_loops_ring
D:2:      layout_loops_corners, bh_walls_and_bars, uniq_robin
D:3:      layout_basic, grunt_temple_overflow_holy_war,
          hellmonk_ecumenical_altar_lost_god, ebering_ghost_sewer_d,
          kennysheep_another_room, wad_orctagon, uniq_grinder

Skill      XL: |  1  2  3 |
---------------+----------+-----
Long Blades    | 2 |  2.9
Armour         | 3 |  3.1
Dodging        | 1 |  1.2
Shields        | 3 |  3.1
Fighting       | |  3.4

Action                   |  1- 3 |  4- 6 || total
-------------------------+-------+-------++-------
Melee: Long sword        |   120 |    71 ||   191
  Use: Potion            |       |     1 ||     1
Armor: Scale mail        |    53 |    31 ||    84
Dodge: Dodged            |    31 |    30 ||    61
Block: Kite shield       |    57 |    41 ||    98
       Rpst.: Long sword |    11 |     9 ||    20

Table legend: (Time is in decaauts)
 A = Elapsed time spent in this place.
 B = Non-inter-level travel time spent in this place.
 C = Inter-level travel time spent in this place.
 D = Time resting spent in this place.
 E = Time spent auto-exploring this place.
 F = Levels seen in this place.
 G = Mean time per level.
                   A        B        C        D        E       F      G
               +--------+--------+--------+--------+--------+-----+--------+
         Total |   3057 |   2979 |     78 |      0 |   2541 |   3 | 1019.0 |
       Dungeon |   3057 |   2979 |     78 |      0 |   2541 |   3 | 1019.0 |
               +--------+--------+--------+--------+--------+-----+--------+

Top non-repeatable levels by time:
     D:1: 1283 daAuts
     D:2: 1253 daAuts
     D:3: 521 daAuts
